 Dungeon Crawl Stone Soup version bcrawl-1.18.1 (webtiles) character file.

Game seed: 11944100162558201645

32 Morbidden the Insei (level 3, -2/26 HPs)
             Began as a Demonspawn Transmuter on Nov 8, 2019.
             Slain by an orc
             ... wielding a +0 flail
              (9 damage)
             ... on level 2 of the Dungeon.
             The game lasted 00:02:59 (2700 turns).

Morbidden the Insei (Demonspawn Transmuter)         Turns: 2700, Time: 00:02:59

Health: -2/26      AC:  5    Str: 14    XL:     3   Next: 10%
Magic:  5/6        EV: 12    Int: 15    God:
Gold:   83         SH:  2    Dex: 13    Spells: 3/6 levels left

rFire    . . .     SeeInvis .     - Unarmed
rCold    . . .     Gourm    .   (no shield)
rNeg     . . .     Faith    .   b - +1 robe
rPois    .         Spirit   .   (no helmet)
rElec    .         Reflect  +   (no cloak)
rCorr    .         Harm     .   (no gloves)
MR       +....                  (no boots)
Stlth    +.........             k - +2 amulet of reflection
HPRegen  0.08/turn              e - ring of protection from magic
MPRegen  0.10/turn              h - +4 ring of strength

@: very slightly contaminated
A: slimy green scales 1, powered by pain 1
a: no special abilities


You were on level 2 of the Dungeon.
You were not hungry.

You visited 1 branch of the dungeon, and saw 2 of its levels.

You collected 83 gold pieces.

Inventory:

Missiles
 a - 120 arrows
 l - 71 steel javelins (quivered)
Armour
 b - a +1 robe (worn)
Jewellery
 e - a ring of protection from magic (left hand)
 h - a +4 ring of strength (right hand)
 k - a +2 amulet of reflection (around neck)
Scrolls
 c - a scroll of enchant weapon
 f - a scroll of remove curse {unknown}
Potions
 d - a potion of lignification
 j - a potion of curing
Comestibles
 g - a ration {!d}


   Skills:
 * Level 1.4 Fighting
 + Level 2.1 Dodging
 + Level 3.1 Unarmed Combat
 * Level 2.3 Spellcasting
 * Level 2.0 Transmutations


You had 3 spell levels left.
You knew the following spells:

 Your Spells              Type           Power        Failure   Level  Hunger
a - Beastly Appendage     Tmut           #.....       9%          1    #......
b - Sticks to Snakes      Tmut           #.......     14%         2    ###....

Your spell library contained the following spells:

 Spells                   Type           Power        Failure   Level  Hunger
 Spider Form              Tmut/Pois      #..          38%         3    ###....
 Ice Form                 Ice/Tmut       #.......     80%         4    #####..
 Blade Hands              Tmut           #.........   94%         5    ######.


Dungeon Overview and Level Annotations

Branches:
Dungeon (2/12)

Altars:
Gozag
Okawaru
Yredelemnul


Innate Abilities, Weirdness & Mutations

You are partially covered in slimy green scales. (AC +2)
You sometimes gain a little power by taking damage.


Message History

Unknown command.
An orc is nearby!
An orc is nearby!
An orc is nearby!
An orc is nearby!
An orc is nearby!
You hit the orc.
The orc is severely wounded.
The orc closely misses you.
You hit the orc but do no damage.
The orc is severely wounded.
The orc hits you with a +0 flail.
* * * LOW HITPOINT WARNING * * *
You barely miss the orc.
The orc is severely wounded.
You completely miss the orc.
The orc is severely wounded.
Your talons disappear.
The orc hits you with a +0 flail!
You die...

#.## ##..## ...
##..### # ###
##...# ###. ###.#
... #.####.#
#.#....#
#.##..)...#
#.......^.#
#....#..@o#
#.....#.....#
#.......##.#..#
.......... ...##
#........... ....
..................
.....###... ....
.... ... ....


You could see an orc.

Vanquished Creatures
  2 giant cockroaches
  3 goblins (D:1)
  6 hobgoblins
  6 jackals
  2 bats (D:1)
  2 frilled lizards (D:1)
  3 kobolds (D:1)
  6 rats (D:1)
30 creatures vanquished.

Notes
Turn   | Place    | Note
-------+----------+-------------------------------------------
     0 | D:1      | Morbidden the Demonspawn Transmuter began the quest for the
                  | Orb.
     0 | D:1      | Reached XP level 1. HP: 15/15 MP: 3/3
   395 | D:1      | Gained mutation: You sometimes gain a little power by
                  | taking damage. [demonic ancestry]
   395 | D:1      | Reached XP level 2. HP: 14/21 MP: 3/5
  1128 | D:1      | Reached skill level 3 in Unarmed Combat
  1510 | D:1      | Learned a level 2 spell: Sticks to Snakes
  2281 | D:1      | Found an opulent altar of Gozag.
  2382 | D:1      | Gained mutation: You are partially covered in slimy green
                  | scales. (AC +2) [demonic ancestry]
  2382 | D:1      | Reached XP level 3. HP: 6/26 MP: 6/6
  2625 | D:2      | Found a basalt altar of Yredelemnul.
  2625 | D:2      | Found an iron altar of Okawaru.
  2700 | D:2      | Slain by an orc

Skill      XL: |  1  2 |
---------------+-------+-----
Dodging        | 2 |  2.1
Transmutations | 2 |  2.0
Unarmed Combat | 3 |  3.1
Fighting       | |  1.4
Spellcasting   | |  2.3

Action                   || total
-------------------------++-------
Melee: Unarmed           ||   135
       Headbutt          ||     8
       Kick              ||    10
 Cast: Beastly Appendage ||    18
  Use: Scroll            ||     3
 Stab: Sleeping          ||     2
  Eat: Chunk             ||     3
       Ration            ||     1
Armor: Robe              ||    32
Dodge: Dodged            ||   104
Block: Other             ||     4
